 Dungeon Crawl Stone Soup version 0.29.1-2-gbd0b4ee654 (webtiles) character file.

Game seed: 11505927370942652855

9895 xian the Carver (level 11, -1/80 HPs)
             Began as a Demonspawn Summoner on Nov 10, 2022.
             Was a Follower of Qazlal.
             Slain by a two-headed ogre
             ... wielding a +0 giant club
              (8 damage)
             ... on level 10 of the Dungeon.
             The game lasted 00:37:57 (10689 turns).

xian the Carver (Demonspawn Summoner)              Turns: 10689, Time: 00:37:57

Health: -1/80      AC: 20    Str: 10    XL:     11   Next: 29%
Magic:  0/20       EV: 13    Int: 20    God:    Qazlal [*.....]
Gold:   886        SH:  6    Dex: 13    Spells: 9/22 levels left

rFire   . . .      SeeInvis .   v - +2 falchion (elec)
rCold   + . .      Faith    .   W - +0 buckler
rNeg    . . .      Spirit   .   V - +0 troll leather armour
rPois   .          Reflect  .   k - +2 helmet
rElec   .          Harm     .   T - +2 cloak
rCorr   .          Rampage  .   E - +2 pair of gloves
Will    .....                   (no boots)
Stlth   +++.......              (no amulet)
HPRegen 1.03/turn               s - +4 ring of slaying
MPRegen 0.17/turn               h - ring of protection from cold

@: sanguine armoured
A: spiny 2, sanguine armour 1, demonic touch 2
a: Renounce Religion


You were on level 10 of the Dungeon.
You worshipped Qazlal.
Qazlal was aware of your devotion.
You visited 1 branch of the dungeon, and saw 11 of its levels.
You also visited: Ossuary.

You collected 886 gold pieces.

Inventory:

Hand Weapons
 v - a +2 falchion of electrocution (weapon)
 J - the +5 trident of Xauler {freeze, *Slow Dex+5}
   (You found it on level 10 of the Dungeon)

   It freezes those it strikes, dealing additional cold damage.
   It can also slow down cold-blooded creatures.
   Dex:       It affects your dexterity (+5).
   *Slow:     It may slow you when you take damage.
Missiles
 t - 14 poisoned darts
 H - 2 throwing nets
 M - 4 boomerangs
Armour
 k - a +2 helmet (worn)
 u - the +2 leather armour "Rilob" {rN++ Int-4 Dex+4 Stlth+}
   (You found it on level 3 of the Dungeon)

   Int:       It affects your intelligence (-4).
   Dex:       It affects your dexterity (+4).
   rN:        It greatly protects you from negative energy.
   Stlth:     It makes you more stealthy.
 E - a +2 pair of gloves (worn)
 T - a +2 cloak (worn)
 V - a +0 troll leather armour (worn)
 W - a +0 buckler (worn)
Magical Staves
 j - a staff of fire
Jewellery
 g - a ring of positive energy
 h - a ring of protection from cold (right hand)
 s - a +4 ring of slaying (left hand)
 S - a ring of poison resistance
Wands
 n - a wand of paralysis (10)
 A - a wand of quicksilver (12)
 I - a wand of roots (22)
 P - a wand of polymorph (21)
Scrolls
 c - a scroll of magic mapping
 e - a scroll of enchant armour
 l - 2 scrolls of fear {unknown}
 o - 3 scrolls of amnesia
 p - a scroll of acquirement {unknown}
 q - 2 scrolls of butterflies
 r - a scroll of summoning {unknown}
 x - 2 scrolls of noise {unknown}
 y - 2 scrolls of silence {unknown}
 z - a scroll of brand weapon {unknown}
 C - a scroll of blinking
 D - 2 scrolls of poison
 F - 2 scrolls of immolation
 G - a scroll of torment
 K - 2 scrolls of vulnerability
 U - a scroll of teleportation
Potions
 a - 4 potions of flight {unknown}
 b - a potion of magic
 d - 7 potions of heal wounds {unknown}
 f - 8 potions of curing {unknown}
 i - 5 potions of ambrosia {unknown}
 m - 2 potions of berserk rage {unknown}
 w - 2 potions of mutation {unknown}
 B - 4 potions of degeneration {unknown}
 L - a potion of invisibility
 N - a potion of might
 O - a potion of brilliance {unknown}
 Q - a potion of attraction {unknown}
 R - a potion of cancellation {unknown}


   Skills:
 + Level 5.4 Fighting
 + Level 2.2(5.9) Short Blades
 + Level 8.7(8.9) Long Blades
 + Level 4.2 Armour
 + Level 6.1 Dodging
 + Level 6.3 Stealth
 + Level 1.2 Shields
 + Level 0.5 Unarmed Combat
 + Level 6.0 Spellcasting
 + Level 1.2 Hexes
 + Level 7.6 Summonings


You had 9 spell levels left.
You knew the following spells:

 Your Spells              Type           Power      Damage    Failure   Level
a - Summon Small Mammal   Summ           100%       N/A       1%          1
b - Call Imp              Summ           36%        N/A       1%          2
c - Call Canine Familiar  Summ           36%        N/A       2%          3
d - Summon Guardian Gole  Hex/Summ       23%        N/A       9%          3
e - Summon Lightning Spi  Summ/Air       21%        N/A       36%         4

Your spell library contained the following spells:

 Spells                   Type           Power      Damage    Failure   Level
 Sandblast                Erth           12%        2d6       19%         1
 Ensorcelled Hibernation  Hex/Ice        16%        N/A       22%         2
 Passwall                 Tmut/Erth      5%         N/A       28%         2
 Tukima's Dance           Hex            10%        N/A       34%         3
 Portal Projectile        Hex/Tloc       16%        N/A       41%         3
 Stone Arrow              Conj/Erth      12%        3d7       50%         3
 Swiftness                Air            6%         N/A       50%         3
 Leda's Liquefaction      Hex/Erth       4%         N/A       82%         4
 Animate Dead             Necr           6%         N/A       88%         4
 Blade Hands              Tmut           3%         N/A       99%         5
 Haunt                    Necr/Summ      10%        N/A       100%        7
 Infestation              Necr           3%         N/A       100%        8


Dungeon Overview and Level Annotations

Branches:
Dungeon (11/15)            Temple (0/1) D:6            Lair (0/5) D:9
Ossuary (visited)
    Orc: D:9-12

Altars:
Dithmenos
Kikubaaqudgha
Nemelex Xobeh
Qazlal
Sif Muna

Shops:
D:1 (


Innate Abilities, Weirdness & Mutations

You are mostly covered in sharp spines.
When seriously injured, your blood forms armour. (AC +6)
Your touch may inflict irresistible damage on your foes.


Message History

Unknown command.
Unknown command.
Your wolf barely misses something.
A shadow comes into view.
An orc priest comes into view. It is wielding a +0 club.
Unknown command.
The two-headed ogre attacks as you move away!
The two-headed ogre hits you with a +0 giant club!
The two-headed ogre hits you but does no damage.
The orc priest calls down the wrath of Beogh upon you.
Beogh smites you!
* * * LOW HITPOINT WARNING * * *
Your wolf bites something but does no damage.
Your crimson imp hits the two-headed ogre but does no damage.
Your wolf closely misses something.
There is a stone staircase leading up here.
Your wolf bites something!
The two-headed ogre is struck by your spines.
The two-headed ogre hits you but does no damage.
The two-headed ogre closely misses you.
Your wolf barely misses the two-headed ogre.
Your crimson imp hits the two-headed ogre but does no damage.
You climb upwards.
Reactivating autopickup.
There is a stone staircase leading down here.
Casting: Call Imp (safe; 1% risk of failure)
Confirm with . or Enter, or press ? or * to list all spells.
A guardian golem appears, shielding your allies.
You block the two-headed ogre's attack. The two-headed ogre closely misses you.
Unknown command.
Casting: Summon Guardian Golem (dangerous; 9% risk of failure)
Confirm with . or Enter, or press ? or * to list all spells.
A shadowy apparition takes form in the air.
Unknown command.
The two-headed ogre attacks as you move away!
The two-headed ogre is struck by your spines.
The two-headed ogre hits you with a +0 giant club!!
* * * LOW HITPOINT WARNING * * *
The two-headed ogre hits you with a +0 giant club!
You die...

#................#
#....##########..####
#....#........#......
#....#........#......
#...>#........#......
#....#'########......
#...9.........>......
#...O○5.............^
#...@................
#.........###########
#.........#
#.........#
#.........#
#.........#
#.######### #.# ###


You could see a two-headed ogre (ally target), a friendly guardian golem
(summoned) and a friendly shadow imp (summoned, sheltered).

Vanquished Creatures
  2 two-headed ogres (D:11)
  Pikel (D:7)
  An unseen horror (D:10)
  A troll (D:9)
  Grinder (D:4)
  Sigmund (D:5)
  2 yaks (D:9)
  3 wraiths
  Eustachio (D:6)
  A steam dragon (D:8)
  4 ice beasts
  2 sky beasts (D:7)
  6 orc warriors
  2 ogres (D:6)
  9 centaurs
  A phantom (D:5)
  2 kobold brigands
  A bullfrog (D:8)
  2 gnoll sergeants (D:6)
  2 necrophages
  2 scorpions
  3 wights (D:8)
  14 killer bees
  7 crimson imps (D:8)
  A howler monkey (D:5)
  5 hounds
  A jelly (D:6)
  2 gnoll boudas (D:6)
  4 orc priests
  Crazy Yiuf (D:5)
  3 iguanas
  Ijyb (D:4)
  Natasha (D:4)
  9 orc wizards
  A mummy (Ossuary)
  Robin (D:4)
  17 gnolls
  6 adders
  2 shadow imps
  A white imp (D:8)
  A worm (D:3)
  5 dart slugs
  23 orcs
  5 bats
  4 endoplasms
  3 giant cockroaches
  10 goblins
  14 hobgoblins
  5 quokkas
  8 ball pythons
  2 frilled lizards
  3 gnoll skeletons (Ossuary)
  11 kobolds
  A kobold skeleton (Ossuary)
  8 orc skeletons (Ossuary)
  2 rats (D:2)
232 creatures vanquished.

Vanquished Creatures (collateral kills)
  An ogre (D:4)
  Blork the orc (D:5)
  A killer bee (D:10)
  A howler monkey (D:10)
  2 orc priests (D:9)
  A worm (D:3)
  A dart slug (D:1)
  8 orcs
  2 goblins
  4 hobgoblins
  A kobold (D:2)
  A quokka (D:1)
  2 gnoll skeletons (Ossuary)
  4 kobold skeletons (Ossuary)
  7 orc skeletons (Ossuary)
  A rat (D:1)
38 creatures vanquished.

Vanquished Creatures (others)
  2 two-headed ogres (D:11)
  An orc warrior (D:10)
  A centaur (D:9)
  An orc (D:9)
  2 fungi (D:5)
  40 plants (D:6)
47 creatures vanquished.

Grand Total: 317 creatures vanquished

Notes
Turn   | Place    | Note
-------+----------+-------------------------------------------
     0 | D:1      | xian the Demonspawn Summoner began the quest for the Orb.
     0 | D:1      | Reached XP level 1. HP: 13/13 MP: 3/3
   285 | D:1      | Gained mutation: You are partially covered in sharp spines.
                  | [demonic ancestry]
   285 | D:1      | Reached XP level 2. HP: 16/19 MP: 1/5
   577 | D:1      | Found Baol's Weapon Emporium.
   963 | D:2      | Gained mutation: When seriously injured, your blood forms
                  | armour. (AC +6) [demonic ancestry]
   963 | D:2      | Reached XP level 3. HP: 21/24 MP: 4/6
  1768 | D:3      | Found an ancient bone altar of Kikubaaqudgha.
  2212 | D:3      | Found a faded altar of an unknown god.
  2302 | D:3      | Reached skill level 1 in Short Blades
  2302 | D:3      | Reached XP level 4. HP: 28/30 MP: 7/7
  2624 | D:3      | Identified the +2 leather armour "Rilob" {rN++ Int-4 Dex+4
                  | Stlth+}
  2663 | D:3      | Learned a level 2 spell: Call Imp
  2667 | D:3      | Learned a level 3 spell: Call Canine Familiar
  2945 | D:4      | Found a shadowy altar of Dithmenos.
  2965 | D:4      | Noticed Ijyb
  2965 | D:4      | Noticed a necrophage
  2984 | D:4      | Killed a necrophage
  2985 | D:4      | Reached XP level 5. HP: 33/36 MP: 8/8
  3021 | D:4      | Killed Ijyb
  3022 | D:4      | Reached skill level 1 in Fighting
  3075 | D:4      | Noticed an ogre
  3106 | D:4      | Reached skill level 5 in Summonings
  3106 | D:4      | Killed an ogre
  3107 | D:4      | Gained mutation: Your touch may inflict minor irresistible
                  | damage on your foes. [demonic ancestry]
  3107 | D:4      | Reached XP level 6. HP: 38/43 MP: 7/10
  3111 | D:4      | Reached skill level 1 in Long Blades
  3278 | D:4      | Noticed Natasha
  3288 | D:4      | Killed Natasha
  3471 | D:4      | Noticed Robin
  3474 | D:4      | Noticed Grinder
  3481 | D:4      | Killed Robin
  3487 | D:4      | Killed Grinder
  3488 | D:4      | Reached skill level 1 in Armour
  3488 | D:4      | Gained mutation: You are mostly covered in sharp spines.
                  | [demonic ancestry]
  3488 | D:4      | Reached XP level 7. HP: 39/50 MP: 11/11
  3921 | D:5      | Entered Level 5 of the Dungeon
  3924 | D:5      | Reached skill level 2 in Long Blades
  4139 | D:5      | Noticed Sigmund
  4148 | D:5      | Killed Sigmund
  4149 | D:5      | Reached skill level 3 in Long Blades
  4243 | D:5      | Found a sparkling altar of Nemelex Xobeh.
  4266 | D:5      | Noticed Blork the orc
  4274 | D:5      | Killed Blork the orc
  4275 | D:5      | Reached XP level 8. HP: 52/58 MP: 9/12
  4491 | D:5      | Found a runed translucent door.
  4492 | D:5      | Noticed Crazy Yiuf
  4501 | D:5      | Killed Crazy Yiuf
  5033 | D:6      | Found a staircase to the Ecumenical Temple.
  5067 | D:6      | Reached skill level 4 in Long Blades
  5358 | D:6      | Noticed Eustachio
  5381 | D:6      | Killed Eustachio
  5545 | D:6      | Reached skill level 5 in Long Blades
  5838 | D:6      | Reached XP level 9. HP: 31/65 MP: 13/13
  6077 | D:6      | Reached skill level 5 in Stealth
  6634 | D:7      | Reached skill level 6 in Long Blades
  6903 | D:7      | Found a shimmering blue altar of Sif Muna.
  7058 | D:7      | Noticed Pikel
  7064 | D:7      | Killed Pikel
  7065 | D:7      | Reached skill level 7 in Long Blades
  7483 | D:8      | Reached XP level 10. HP: 52/73 MP: 15/15
  7488 | D:8      | Learned a level 3 spell: Summon Guardian Golem
  7766 | D:8      | Found a sand-covered staircase.
  8022 | Ossuary  | Entered an ossuary
  8411 | D:8      | Found a stormy altar of Qazlal.
  8555 | D:8      | Became a worshipper of Qazlal Stormbringer
  8736 | D:9      | Reached skill level 5 in Dodging
  8764 | D:9      | Reached skill level 8 in Long Blades
  8775 | D:9      | Reached skill level 5 in Fighting
  9402 | D:9      | Found a staircase to the Lair.
  9406 | D:9      | Reached * piety under Qazlal
  9580 | D:9      | Reached skill level 5 in Spellcasting
  9678 | D:10     | Entered Level 10 of the Dungeon
  9705 | D:10     | Identified the +5 trident of Xauler {freeze, *Slow Dex+5}
 10127 | D:10     | Reached skill level 1 in Shields
 10297 | D:10     | Learned a level 4 spell: Summon Lightning Spire
 10654 | D:11     | Noticed a two-headed ogre
 10656 | D:11     | Noticed an ogre mage
 10656 | D:11     | Noticed a two-headed ogre
 10657 | D:11     | Noticed a two-headed ogre
 10658 | D:11     | Noticed a two-headed ogre
 10663 | D:11     | Killed a two-headed ogre
 10664 | D:11     | Gained mutation: Your touch may inflict irresistible damage
                  | on your foes. [demonic ancestry]
 10664 | D:11     | Reached XP level 11. HP: 80/80 MP: 9/19
 10664 | D:11     | Noticed a two-headed ogre
 10668 | D:11     | Killed a two-headed ogre
 10673 | D:11     | Noticed a two-headed ogre
 10676 | D:11     | Killed a two-headed ogre
 10676 | D:11     | Killed a two-headed ogre
 10677 | D:11     | Reached skill level 1 in Hexes
 10689 | D:10     | Slain by a two-headed ogre

Illustrated notes

Levels and vault maps discovered:
D:1:      lightli_arrival_chessboard, layout_loops_ring, serial_shops,
          nicolae_shop_behind_doors
D:2:      layout_basic
D:3:      layout_basic, mainiacjoe_overflow_24_doors,
          nicolae_ecumenical_snake_handling
D:4:      layout_rooms, mainiacjoe_overflow_brackets, minmay_misc_feat_square,
          uniq_ijyb, uniq_natasha, uniq_grinder, uniq_robin
D:5:      layout_basic, mainiacjoe_overflow_chevrons, uniq_sigmund,
          uniq_blork_the_orc, uniq_crazy_yiuf_cottage
D:6:      kennysheep_housing_project, layout_basic, minmay_temple_entry_ruins,
          uniq_eustachio
D:7:      layout_rooms, nicolae_sif_muna_condensation, corexii_leaking_fountain,
          minmay_misc_feat_hallway, uniq_pikel
D:8:      layout_loops_ring, lemuel_coloured_pillars_altar,
          nicolae_ossuary_entry_false_entrances, minmay_nine_imps
D:9:      layout_roguey, lair_entry_dummy, chequers_serial_rivers_marsh,
          hangedman_minor_gate_pass
D:10:     layout_irregular_city
D:11:     layout_cross, david_orc_3

Skill      XL: |  1  2  3  4  5  6  7  8  9 10 11 |
---------------+----------------------------------+-----
Dodging        | 2 3 4 6 |  6.1
Stealth        | 2 3 4 5 6 |  6.3
Short Blades   | 1 2 |  2.2
Fighting       | 1 2 3 4 5 |  5.4
Summonings     | 5 7 |  7.6
Long Blades    | 1 3 5 7 8 |  8.7
Armour         | 1 2 3 4 |  4.2
Spellcasting   | 3 5 6 |  6.0
Shields        | 1 |  1.2
Hexes          | 1 |  1.2
Unarmed Combat | |  0.5

Action                   |  1- 3 |  4- 6 |  7- 9 | 10-12 || total
-------------------------+-------+-------+-------+-------++-------
Melee: Unarmed           |    11 |       |       |       ||    11
       Short sword       |    25 |       |       |       ||    25
       Dagger            |    46 |    18 |       |       ||    64
       Falchion          |       |    47 |   179 |   132 ||   358
       Touch             |       |     6 |    35 |    22 ||    63
       Punch             |       |       |     3 |     1 ||     4
 Cast: Summon Small Mamm |    14 |     8 |     6 |    19 ||    47
       Call Canine Famil |       |       |       |    13 ||    13
       Call Imp          |       |       |       |    13 ||    13
       Summon Guardian G |       |       |       |    12 ||    12
Evoke: Wand              |       |       |       |     1 ||     1
  Use: Scroll            |       |       |       |    14 ||    14
 Stab: Sleeping          |     1 |     1 |    12 |     2 ||    16
Armor: Robe              |     7 |       |       |       ||     7
       Leather armour    |       |    15 |    60 |    40 ||   115
       Troll leather arm |       |       |       |    37 ||    37
Dodge: Dodged            |    56 |    34 |   111 |   133 ||   334
Block: Buckler           |       |       |       |     8 ||     8
       Other             |       |       |       |     3 ||     3
